 Dungeon Crawl Stone Soup version 0.30-a0-702-gdf48620a09 (webtiles) character file.

Game seed: 18148248963476754622

4024 Newt the Fighter (level 10, -10/99 HPs)
             Began as a Kobold Hunter on Jan 21, 2023.
             Was a Believer of Makhleb.
             Mangled by a spriggan
             ... wielding a +0 spear
              (12 damage)
             ... in a bailey.
             The game lasted 00:07:16 (6124 turns).

Newt the Fighter (Kobold Hunter)                    Turns: 6124, Time: 00:07:17

Health: -10/99     AC: 25    Str: 10    XL:     10   Next: 47%
Magic:  19/19      EV:  3    Int: 11    God:    Makhleb [**....]
Gold:   315        SH:  0    Dex: 21    Spells: 19/21 levels left

rFire   . . .      SeeInvis .    d - +7 lajatang of Order {silver, rMut}
rCold   . . .      Faith    .    (shield currently unavailable)
rNeg    . . .      Spirit   .    (body armour currently unavailable)
rPois   +          Reflect  .    (helmet currently unavailable)
rElec   .          Harm     .    (cloak currently unavailable)
rCorr   .          Rampage  .    (gloves currently unavailable)
rMut    +          NoTele   +    (boots currently unavailable)
Will    .....                    (no amulet)
Stlth   ++++                     h - +5 ring of evasion
HPRegen 0.36/turn                s - ring of flight
MPRegen 0.16/turn

@: mighty, tree-form
A: stationary, stasis, torment immunity, boosted hp, small, no large weapons,
nightstalker 3
a: Renounce Religion, Minor Destruction


You were in a bailey.
You worshipped Makhleb.
Makhleb was pleased with you.
You were a tree.
You visited 2 branches of the dungeon, and saw 8 of its levels.
You also visited: Bailey.

You collected 371 gold pieces.
You spent 56 gold pieces at shops.

Inventory:

Hand Weapons
 a - a +1 shortbow of chaos
 d - the +7 lajatang of Order (weapon) {silver, rMut}
   (You acquired it on level 3 of the Dungeon)

   rMut:      It protects you from mutation.
Armour
 c - a +1 leather armour
 w - a +3 scale mail
 y - +0 swamp dragon scales (melded)
Jewellery
 h - a +5 ring of evasion (left branch)
 s - a ring of flight (right branch)
Wands
 n - a wand of roots (7)
 u - a wand of polymorph (10)
 x - a wand of flame (19)
Scrolls
 b - 6 scrolls of immolation
 e - a scroll of vulnerability
 g - 2 scrolls of fog
 i - 4 scrolls of fear
 j - a scroll of enchant weapon
 k - 2 scrolls of identify
 m - a scroll of amnesia
 p - a scroll of teleportation {unknown}
 q - a scroll of noise {unknown}
Potions
 f - 2 potions of degeneration
 o - a potion of magic
 t - a potion of heal wounds {unknown}


   Skills:
 - Level 9.0 Fighting
 - Level 6.0 Staves
 - Level 5.3 Ranged Weapons
 + Level 1.1 Armour
 - Level 6.0 Dodging
 - Level 3.0 Stealth
 - Level 6.0 Spellcasting
 - Level 6.0 Transmutations


You had 19 spell levels left.
You knew the following spells:

 Your Spells              Type           Power      Damage    Failure   Level
a - Wereblood             Tmut           16%        N/A       2%          2

Your spell library contained the following spells:

 Spells                   Type           Power      Damage    Failure   Level
 Beastly Appendage        Tmut           32%        N/A       1%          1
 Spider Form              Tmut/Pois      9%         N/A       17%         3
 Ensorcelled Hibernation  Hex/Ice        6%         N/A       28%         2
 Anguish                  Hex/Necr       1%         N/A       88%         4


Dungeon Overview and Level Annotations

Branches:
Dungeon (7/15)             Temple (1/1) D:5          Bailey (1/1)

Altars:
Ashenzari
Dithmenos
Fedhas
Gozag
Hepliaklqana
Makhleb
Nemelex Xobeh
Okawaru
Sif Muna
Trog
Uskayaw
Vehumet
Wu Jian
Xom
Yredelemnul
Zin
The Shining One

Shops:
D:4 [   D:5 ?


Innate Abilities, Weirdness & Mutations

You are a tree.
Your roots penetrate the ground, keeping you stationary.
You cannot be teleported.
You are immune to unholy pain and torment.
Your maximum health is greatly increased.
Your equipment is partially melded.
You are small and have problems with some larger weapons.
You are completely attuned to the shadows.


Message History

You feel very mighty all of a sudden. The two-headed ogre misses you.
The two-headed ogre hits you with a +0 glaive.
* * * LOW HITPOINT WARNING * * *
The spriggan misses you.
You slash the two-headed ogre!
The two-headed ogre is severely wounded.
The spriggan barely misses you. The two-headed ogre misses you.
The two-headed ogre closely misses you.
You slash the two-headed ogre!
The two-headed ogre is almost dead.
The spriggan hits you but does no damage.
The two-headed ogre barely misses you. The two-headed ogre closely misses you.
You slash the two-headed ogre!
You kill the two-headed ogre!
Makhleb accepts your kill.
You feel better.
The spriggan hits you from afar with a +0 spear!
* * * LOW HITPOINT WARNING * * *
Training target 9.0 for Fighting reached!
Your Fighting skill increases to level 9!
You need to enable at least one skill for training.
Your Armour skill increases to level 1!
The spriggan hits you with a +0 spear!
* * * LOW HITPOINT WARNING * * *
Things that are here:
a +0 glaive; a +0 glaive You miss the spriggan.
The spriggan closely misses you.
Unknown command.
Really quaff the potion of lignification?
You turn into a tree.
Your +0 swamp dragon scales melds into your body.
Your roots penetrate the ground.
The spriggan hits you but does no damage.
You miss the spriggan. The spriggan hits you with a +0 spear.
* * * LOW HITPOINT WARNING * * *
You slash the spriggan!
The spriggan is heavily wounded.
The spriggan hits you with a +0 spear!
You die...

##...).....## #
##..##♣###♣..##
## ##..##
##).## .#
##..## ..##..##
.###..♣#
..#...# .~~~..#
♣.#...# .~~~..#
♣)#~..# .~~~..#
♣.†~..# .~~~..#
♣♣#~).# .~~~..#
♣i#.).# .##
..#)..# .#
..##..## ## ..#
..## # .##


You could see a spriggan.

Vanquished Creatures
  A two-headed ogre (Bailey)
  Maggie (D:6)
  A spriggan (Bailey)
  5 yaks (D:6)
  A steam dragon (Bailey)
  A water moccasin (D:7)
  Edmund (D:6)
  A black bear (D:6)
  6 ogres
  A centaur (D:6)
  3 phantoms
  Blork the orc (D:6)
  A necrophage (D:5)
  2 scorpions (D:5)
  A vampire bat (D:4)
  A howler monkey (D:6)
  3 hounds
  3 jellies
  An orc priest (D:6)
  4 iguanas
  8 orc wizards
  10 adders
  An ufetubus (D:6)
  A worm (D:3)
  4 dart slugs
  32 orcs
  4 endoplasms
  3 giant cockroaches
  4 goblins
  5 hobgoblins
  5 jackals
  4 quokkas (D:2)
  9 ball pythons
  10 bats
  12 frilled lizards
  6 kobolds
  5 rats
162 creatures vanquished.

Vanquished Creatures (others)
  9 plants (D:6)
9 creatures vanquished.

Grand Total: 171 creatures vanquished

Notes
Turn   | Place    | Note
-------+----------+-------------------------------------------
     0 | D:1      | Newt the Kobold Hunter began the quest for the Orb.
     0 | D:1      | Reached XP level 1. HP: 12/12 MP: 1/1
    97 | D:1      | Reached XP level 2. HP: 16/17 MP: 2/2
   482 | D:1      | Found a faded altar of an unknown god.
   786 | D:2      | Reached XP level 3. HP: 22/22 MP: 3/3
   800 | D:2      | Reached skill level 3 in Fighting
  1252 | D:2      | Reached XP level 4. HP: 29/29 MP: 4/4
  1290 | D:2      | Reached skill level 4 in Fighting
  1420 | D:2      | Found a shadowy altar of Dithmenos.
  1630 | D:3      | Identified a scroll of acquirement
  1630 | D:3      | Acquired the +7 lajatang of Order {silver, rMut}
  1630 | D:3      | Found the +7 lajatang of Order {silver, rMut}
  1869 | D:3      | Noticed a phantom
  1877 | D:3      | Killed a phantom
  1878 | D:3      | Reached skill level 5 in Fighting
  1878 | D:3      | Reached skill level 1 in Staves
  1878 | D:3      | Reached XP level 5. HP: 35/35 MP: 5/5
  2037 | D:3      | Reached XP level 6. HP: 40/40 MP: 6/6
  2401 | D:3      | Found a shadowy altar of Dithmenos.
  2480 | D:3      | Found a blossoming altar of Fedhas.
  2803 | D:4      | Found Fuzxueho's Armour Boutique.
  3329 | D:5      | Entered Level 5 of the Dungeon
  3332 | D:5      | Reached XP level 7. HP: 44/44 MP: 7/7
  3676 | D:5      | Reached skill level 5 in Staves
  3819 | D:5      | Reached XP level 8. HP: 23/49 MP: 8/8
  4035 | D:5      | Found a staircase to the Ecumenical Temple.
  4117 | Temple   | Entered the Ecumenical Temple
  4186 | Temple   | Became a worshipper of Makhleb the Destroyer
  4242 | D:5      | Found Kirph's Magic Scroll Shop.
  4250 | D:5      | Bought a scroll of identify for 28 gold pieces
  4250 | D:5      | Bought a scroll of identify for 28 gold pieces
  4514 | D:6      | Reached skill level 5 in Dodging
  4704 | D:6      | Learned a level 2 spell: Wereblood
  4792 | D:6      | Noticed Edmund
  4803 | D:6      | Killed Edmund
  4804 | D:6      | Reached skill level 1 in Spellcasting
  4804 | D:6      | Reached skill level 1 in Transmutations
  4849 | D:6      | Noticed Maggie
  4853 | D:6      | Killed Maggie
  4854 | D:6      | Reached XP level 9. HP: 38/54 MP: 9/13
  4973 | D:6      | Noticed Blork the orc
  4977 | D:6      | Killed Blork the orc
  5411 | D:6      | Reached skill level 5 in Spellcasting
  5411 | D:6      | Reached skill level 5 in Transmutations
  5416 | D:6      | Reached * piety under Makhleb
  5829 | D:7      | Found a flagged portal.
  5860 | Bailey   | Entered a bailey
  5927 | Bailey   | Reached XP level 10. HP: 58/60 MP: 19/19
  5940 | Bailey   | Reached skill level 6 in Fighting
  5960 | Bailey   | Reached ** piety under Makhleb
  5961 | Bailey   | Reached skill level 7 in Fighting
  6112 | Bailey   | Reached skill level 8 in Fighting
  6112 | Bailey   | Noticed a two-headed ogre
  6119 | Bailey   | Killed a two-headed ogre
  6120 | Bailey   | Reached skill level 9 in Fighting
  6120 | Bailey   | Reached skill level 1 in Armour
  6120 | Bailey   | HP: 2/66 [spriggan/+0 spear (12)]
  6124 | Bailey   | Mangled by a spriggan

Illustrated notes

Levels and vault maps discovered:
D:1:      dpeg_arrival_solitude, layout_basic,
          shapermc_ecumenical_altar_hornbeckon, minmay_heptomino_l4
D:2:      wander_river, layout_loops_cross, basic_altar, minmay_box_of_dots
D:3:      layout_basic, grunt_dithmenos_smoke_and_mirrors,
          mainiacjoe_overflow_alcove_2
D:4:      layout_basic, serial_shops, shop_statue, roderic_batcave
D:5:      layout_rooms, temple_fountains, serial_shops, shop,
          dreamdust_princess_corridor, minmay_misc_feat_tower
D:6:      layout_loops_corners, minmay_misc_feat_encased, minmay_lizard_king,
          uniq_maggie, uniq_edmund, uniq_blork_the_orc
D:7:      layout_basic, enter_bailey_1
Temple:   eino_wide_crystal_templ
Bailey:   bailey_polearm_enchanted_keep_hellmonk, bailey

Skill      XL: |  1  2  3  4  5  6  7  8  9 10 |
---------------+-------------------------------+-----
Stealth        | 3 |  3.0
Fighting       | 3 5 9 |  9.0
Staves         | 1 2 4 6 |  6.0
Dodging        | 6 |  6.0
Spellcasting   | 2 6 |  6.0
Transmutations | 2 6 |  6.0
Armour         | 1 |  1.1
Ranged Weapons | |  5.3

Action                   |  1- 3 |  4- 6 |  7- 9 | 10-12 || total
-------------------------+-------+-------+-------+-------++-------
Melee: Lajatang          |       |    76 |   194 |    29 ||   299
 Fire: Shortbow          |    58 |    29 |       |       ||    87
 Cast: Wereblood         |       |       |     1 |       ||     1
  Use: Scroll            |       |     7 |     7 |       ||    14
       Potion            |       |       |       |     2 ||     2
 Stab: Sleeping          |       |    14 |    13 |     1 ||    28
Armor: Leather armour    |     6 |    10 |    10 |       ||    26
       Skin              |       |       |     2 |     1 ||     3
       Scale mail        |       |       |     1 |       ||     1
       Swamp dragon scal |       |       |    22 |     3 ||    25
Dodge: Dodged            |    20 |    82 |   226 |    39 ||   367

Table legend: (Time is in decaauts)
 A = Elapsed time spent in this place.
 B = Non-inter-level travel time spent in this place.
 C = Inter-level travel time spent in this place.
 D = Time resting spent in this place.
 E = Time spent auto-exploring this place.
 F = Levels seen in this place.
 G = Mean time per level.
                   A        B        C        D        E       F      G
               +--------+--------+--------+--------+--------+-----+--------+
         Total |   6219 |   5959 |    260 |    671 |   4336 |   9 |  691.0 |
       Dungeon |   5867 |   5645 |    222 |    535 |   4231 |   7 |  838.1 |
        Temple |     84 |     47 |     37 |      0 |     32 |   1 |   84.0 |
        Bailey |    267 |    267 |      0 |    136 |     73 |   1 |  267.0 |
               +--------+--------+--------+--------+--------+-----+--------+

Top non-repeatable levels by time:
     D:6: 1226 daAuts
     D:5: 1065 daAuts
     D:3: 1019 daAuts
     D:2: 903 daAuts
     D:1: 768 daAuts
     D:4: 709 daAuts
  Bailey: 267 daAuts
     D:7: 175 daAuts
  Temple: 84 daAuts
